 Dungeon Sprint DCSS version 0.31-a0-325-g067879e3d3 (webtiles) character file.

Game seed: 16333888085101897389

15594 dialectric the Ninja (level 12, -6/67 HPs)
             Began as a Spriggan Brigand on July 18, 2023.
             Was the Champion of Dithmenos.
             Killed from afar by a fire giant (32 damage)
             ... with a fireball
             ... in the Dungeon (Sprint I: "Red Sonja").
             The game lasted 00:10:57 (1361 turns).

dialectric the Ninja (Spriggan Brigand)             Turns: 1361, Time: 00:10:58

Health: -6/67      AC:  3    Str:  7    XL:     12   Next: 2%
Magic:  30/32      EV: 47    Int: 14    God:    Dithmenos [******]
Gold:   545        SH:  0    Dex: 26    Spells: 39/41 levels left

rFire   . . .        n - +2 short sword (distort)
rCold   . . .        (no shield)
rNeg    . . .        v - +1 robe of Purpose {Will- Dex+6}
rPois   +            (helmet restricted)
rElec   .            (no cloak)
rCorr   .            (gloves unavailable)
SInv    +            (boots unavailable)
Will    +....        y - amulet of the acrobat Stlth **********
                     A - ring of Vaoriwn {rPois Slay+3}
HPRegen 0.31/turn    (no ring)
MPRegen 0.23/turn

%: no teleportation, acrobat
@: acrobatic, wreathed by umbra, unable to read, very quick
A: very small, no large weapons, unfitting armour, see invisible, speed 3,
inability to read after injury 1, MP-powered wands
a: Renounce Religion, Shadow Step, Shadow Form


You were in the Dungeon.
You worshipped Dithmenos.
Dithmenos was exalted by your worship.
You visited 1 branch You collected 1876 gold pieces.
You spent 1331 gold pieces at shops.

Inventory:

Hand Weapons
 a - a +2 dagger
 n - a +2 short sword of distortion (weapon)
Missiles
 d - 7 poisoned darts
 e - 4 curare-tipped darts (quivered)
Armour
 b - a +0 robe
 c - a +0 cloak
 o - a +0 troll leather armour
 v - the +1 robe of Purpose (worn) {Will- Dex+6}
   (You found it in the Dungeon)

   Dex:       It affects your dexterity (+6).
   Will:      It decreases your willpower.
Jewellery
 m - an amulet of faith
 y - an amulet of the acrobat (around neck)
 A - the ring of Vaoriwn (left hand) {rPois Slay+3}
   (You bought it in a shop in the Dungeon)

   [ring of poison resistance]

   Slay:      It affects your accuracy & damage with ranged weapons and melee
   (+3).
   rPois:     It protects you from poison.
Wands
 l - a wand of iceblast (6)
Scrolls
 k - a scroll of blinking
 p - 2 scrolls of amnesia {unknown}
 q - 3 scrolls of identify {unknown}
 r - a scroll of fog {unknown}
 s - a scroll of vulnerability {unknown}
 t - a scroll of torment {unknown}
 x - a scroll of enchant weapon {unknown}
 B - a scroll of enchant armour
Potions
 f - 7 potions of curing
 g - a potion of heal wounds
 h - a potion of haste
 i - 2 potions of magic
 j - a potion of berserk rage
 u - a potion of might {unknown}
 w - a potion of lignification {unknown}
 z - 2 potions of invisibility


   Skills:
 + Level 9.7 Fighting
 + Level 16.1 Short Blades
 - Level 2.0 Throwing
 + Level 12.9 Dodging
 O Level 27 Stealth
 * Level 15.0 Spellcasting
 * Level 1.1 Transmutations
 * Level 0.6 Earth Magic
 + Level 4.3 Invocations
 - Level 5.6 Evocations


You had 39 spell levels left.
You knew the following spells:

 Your Spells              Type           Power      Damage    Failure   Level
a - Passwall              Tmut/Erth      10%        N/A       6%          2

Your spell library contained the following spells:

 Spells                   Type           Power      Damage    Failure   Level
 Sandblast                Erth           24%        2d8       4%          1
 Summon Small Mammal      Summ           40%        N/A       6%          1
 Stone Arrow              Conj/Erth      22%        3d8       16%         3
 Call Canine Familiar     Summ           10%        N/A       19%         3
 Summon Guardian Golem    Hex/Summ       10%        N/A       19%         3


Dungeon Overview and Level Annotations

Branches:
Dungeon (1/1)

Altars:
Cheibriados
Dithmenos
Elyvilon
Fedhas
Gozag
Hepliaklqana
Kikubaaqudgha
Makhleb
Nemelex Xobeh
Okawaru
Qazlal
Ru
Sif Muna
Trog
Uskayaw
Vehumet
Wu Jian
Xom
Yredelemnul
Zin
The Shining One
Jiyva
Lugonu

Shops:
D =*!?(![!(===(*!!(:([!


Innate Abilities, Weirdness & Mutations

You are very small and have problems with some larger weapons.
You are too small for most types of armour.
You have supernaturally acute eyesight. (SInv)
You cover ground extremely quickly. (Speed+++)
You occasionally lose the ability to read scrolls when taking damage.
You expend magic power (3 MP) to strengthen your wands.


Message History

Press: ? - help, Q - select action, (/) - cycle Shift-Dir - straight line, f/p - unseen horror
Aim: an unseen horror (severely wounded, slightly transparent, umbra, 71% to hit)
You throw a curare-tipped dart.
The curare-tipped dart hits the unseen horror.
The unseen horror is poisoned.
The unseen horror convulses.
You kill the unseen horror!
Dithmenos accepts your kill.
Your Transmutations skill increases to level 1!
e - 3 curare-tipped darts (gained 2)
There are no items here.
e - 4 curare-tipped darts (gained 1)
You open the door.
There is an open door here.
A fire giant comes into view.
It is wielding a +2 great sword of flaming.
A fire giant comes into view.
It is wielding a +2 great sword of flaming.
Aiming: Shadow Step
Press: ? - help, Dir - move target, f - fire giant
Aim: a fire giant, wielding a +2 great sword of flaming (asleep, umbra)
You step into the fire giant's shadow. 2 fire giants come into view.
A fire giant is wielding a +2 great sword of flaming.
A fire giant is wielding a +0 great sword of flaming.
The fire giant shouts!
The fire giant gestures at you while chanting.
The bolt of fire misses you. The fire giant closely misses you.
The fire giant shouts!
Found eight items.
Blink to where?
Press: ? - help, Dir - move target, p - fire giant
As you read the scroll of blinking, it crumbles to dust.
The fire giant casts a spell at you.
The fireball explodes!
The fireball engulfs you!!!
Ouch! That really hurt!
You emit a cloud of dark smoke.
There is an open door here.
You start removing your armour.
You continue taking off your +0 cloak. x4
You finish taking off your +0 cloak.
The fire giant points at you and mumbles some strange words.
The fireball explodes!
The fireball engulfs you!!
You feel threatened and lose the ability to read scrolls!
You die...

..'..#§#
##§§§#######+#
###..§§# ###'#
$[##..# §##°####
#.##$$$#..#
§#○.○..#
#..###$#..≈
.#.....+
##.#A#$#..≈4
'###○°.#
#..###$#.m≈e#
.'.#...#
#.##..$#..≈##
##.#°.##
#..#+###..≈#
##.#..# ##.@.#
≈..## ##.##+# ###.#
##§# #.# .§§# #.#
##.# ####C# §#§####
###§§§§#
#§§#$$$#####.§§####
####?C...C...###
##)$!C..§####


You could see a fire giant.

Vanquished Creatures
  A hydra (D)
  2 centaur warriors (D)
  Sonja (D)
  4 demonic crawlers (D)
  A deep troll (D)
  A lindwurm (D)
  An oklob plant (D)
  8 shining eyes (D)
  A gargoyle (D)
  2 kobold demonologists (D)
  6 unseen horrors (D)
  A hornet (D)
  A slime creature (D)
  Sigmund (D)
  A yak (D)
  12 hogs (D)
  2 redbacks (D)
  7 floating eyes (D)
  An ogre (D)
  7 necrophages (D)
  8 jellies (D)
  Ijyb (D)
70 creatures vanquished.

Vanquished Creatures (others)
  2 ballistomycete spores (D)
2 creatures vanquished.

Grand Total: 72 creatures vanquished

Notes
Turn   | Place    | Note
-------+----------+-------------------------------------------
     0 | D        | dialectric the Spriggan Brigand began the quest for the
                  | Orb.
     0 | D        | Reached XP level 1. HP: 10/10 MP: 2/2
     2 | D        | Noticed Ijyb
     5 | D        | Killed Ijyb
     6 | D        | Reached skill level 9 in Stealth
     6 | D        | Reached XP level 2. HP: 13/15 MP: 3/3
    10 | D        | Noticed an ogre
    12 | D        | Killed an ogre
    13 | D        | Reached skill level 13 in Stealth
    13 | D        | Reached XP level 3. HP: 18/19 MP: 4/4
    13 | D        | Reached XP level 4. HP: 22/23 MP: 5/5
    23 | D        | Noticed Sigmund
    25 | D        | Killed Sigmund
    26 | D        | Reached skill level 5 in Short Blades
    26 | D        | Reached skill level 17 in Stealth
    26 | D        | Reached XP level 5. HP: 28/28 MP: 6/6
    26 | D        | Reached XP level 6. HP: 32/32 MP: 7/7
    39 | D        | Found a shimmering blue altar of Sif Muna.
    40 | D        | Found an ornate altar of the Wu Jian Council.
    41 | D        | Found a radiant altar of Vehumet.
    55 | D        | Found Uwkuxzyj's Magic Scroll Emporium.
    55 | D        | Found an ancient bone altar of Kikubaaqudgha.
    55 | D        | Found a hazy altar of Hepliaklqana.
    55 | D        | Found a stormy altar of Qazlal.
    55 | D        | Found a hide-covered altar of Uskayaw.
    55 | D        | Found a blossoming altar of Fedhas.
    55 | D        | Found a bloodstained altar of Trog.
    55 | D        | Found an iron altar of Okawaru.
    55 | D        | Found a basalt altar of Yredelemnul.
    55 | D        | Found a glowing golden altar of the Shining One.
    55 | D        | Found a snail-covered altar of Cheibriados.
    55 | D        | Found a sacrificial altar of Ru.
    55 | D        | Found a glowing silver altar of Zin.
    55 | D        | Found a shadowy altar of Dithmenos.
    55 | D        | Found a white marble altar of Elyvilon.
    55 | D        | Noticed a yak
    57 | D        | Found an opulent altar of Gozag.
    78 | D        | Killed a yak
    79 | D        | Reached skill level 5 in Dodging
    79 | D        | Reached skill level 19 in Stealth
   112 | D        | Found a sparkling altar of Nemelex Xobeh.
   119 | D        | Became a worshipper of Dithmenos the Shadowed
   130 | D        | Noticed a centaur warrior
   130 | D        | Noticed a centaur warrior
   139 | D        | Found a burning altar of Makhleb.
   139 | D        | Found a shimmering altar of Xom.
   139 | D        | Noticed a slime creature
   140 | D        | Found a viscous altar of Jiyva.
   140 | D        | Found a corrupted altar of Lugonu.
   142 | D        | Killed a slime creature
   143 | D        | Reached skill level 20 in Stealth
   143 | D        | Reached XP level 7. HP: 37/37 MP: 8/8
   155 | D        | Noticed a kobold demonologist
   156 | D        | Noticed a kobold demonologist
   159 | D        | Reached skill level 21 in Stealth
   159 | D        | Killed a kobold demonologist
   159 | D        | Reached * piety under Dithmenos
   160 | D        | Reached skill level 22 in Stealth
   167 | D        | Noticed an ice devil
   169 | D        | Killed a kobold demonologist
   170 | D        | Reached skill level 23 in Stealth
   170 | D        | Reached XP level 8. HP: 42/42 MP: 9/9
   193 | D        | Noticed Sonja
   197 | D        | Killed Sonja
   198 | D        | Reached skill level 25 in Stealth
   198 | D        | Reached skill level 1 in Evocations
   211 | D        | Noticed a deep troll
   215 | D        | Killed a deep troll
   215 | D        | Reached ** piety under Dithmenos
   216 | D        | Reached skill level 26 in Stealth
   216 | D        | Reached XP level 9. HP: 46/46 MP: 10/10
   251 | D        | Found Ryimic's Armour Emporium.
   272 | D        | Found Leguen's Jewellery Boutique.
   281 | D        | Noticed a shining eye
   281 | D        | Noticed a shining eye
   281 | D        | Noticed a shining eye
   282 | D        | Paralysed by a floating eye for 2 turns
   283 | D        | Noticed a shining eye
   289 | D        | Noticed a shining eye
   290 | D        | Noticed a shining eye
   294 | D        | Gained mutation: You occasionally lose the ability to read
                  | scrolls when taking damage. [a shining eye]
   318 | D        | Noticed a demonic crawler
   318 | D        | Noticed a demonic crawler
   318 | D        | Noticed a demonic crawler
   318 | D        | Noticed a demonic crawler
   320 | D        | Killed a demonic crawler
   321 | D        | Reached skill level 5 in Fighting
   321 | D        | Reached skill level 27 in Stealth
   321 | D        | Killed a demonic crawler
   321 | D        | Reached *** piety under Dithmenos
   322 | D        | Reached skill level 10 in Short Blades
   323 | D        | Killed a demonic crawler
   324 | D        | Reached skill level 5 in Evocations
   324 | D        | Reached XP level 10. HP: 53/53 MP: 11/11
   324 | D        | Killed a demonic crawler
   332 | D        | Noticed a lindwurm
   336 | D        | Killed a lindwurm
   344 | D        | Reached **** piety under Dithmenos
   346 | D        | Reached skill level 10 in Dodging
   363 | D        | Noticed a gargoyle
   365 | D        | Killed a gargoyle
   366 | D        | Reached skill level 5 in Spellcasting
   443 | D        | Killed a centaur warrior
   444 | D        | Killed a centaur warrior
   445 | D        | Reached skill level 1 in Invocations
   448 | D        | Identified the +1 robe of Purpose {Will- Dex+6}
   477 | D        | Noticed an oklob plant
   479 | D        | Killed an oklob plant
   486 | D        | Reached ***** piety under Dithmenos
   490 | D        | Reached skill level 10 in Spellcasting
   490 | D        | Reached XP level 11. HP: 60/60 MP: 21/26
   599 | D        | Reached ****** piety under Dithmenos
   603 | D        | Found Qavegepp's Book Boutique.
   612 | D        | Found Boica's Distillery.
   613 | D        | Found Solemo's Weapon Emporium.
   697 | D        | Found Hudubag's Distillery.
   697 | D        | Found Kuddiry's Antique Armour Shop.
   697 | D        | Found Feoralo's Weapon Boutique.
   744 | D        | Found Lesioc's Jewellery Emporium.
   744 | D        | Found Vifrisot's Jewellery Shop.
   744 | D        | Found Porph's Jewellery Shoppe.
   744 | D        | Found Bisimoust's Antique Weapon Boutique.
   744 | D        | Found Kiysatub's General Store.
   744 | D        | Found Benunavu's Distillery.
   744 | D        | Found Fomuggit's Distillery.
   746 | D        | Found Ytaef's Antique Weapon Boutique.
   770 | D        | Bought 2 potions of invisibility for 192 gold pieces
   771 | D        | Bought an amulet of the acrobat for 330 gold pieces
   780 | D        | Bought the ring of Vaoriwn {rPois Slay+3} for 396 gold
                  | pieces
   823 | D        | Bought a scroll of blinking for 97 gold pieces
   952 | D        | Bought a scroll of enchant armour for 97 gold pieces
   994 | D        | Noticed a shining eye
   994 | D        | Noticed a shining eye
   995 | D        | Killed a shining eye
   996 | D        | Killed a shining eye
  1001 | D        | Killed a shining eye
  1002 | D        | Reached skill level 15 in Short Blades
  1004 | D        | Killed a shining eye
  1050 | D        | Noticed a 12-headed hydra
  1052 | D        | Killed a 12-headed hydra
  1064 | D        | Noticed a deep elf annihilator
  1133 | D        | Bought a book of Geomancy for 180 gold pieces
  1137 | D        | Learned a level 2 spell: Passwall
  1200 | D        | Killed a shining eye
  1208 | D        | Killed a shining eye
  1209 | D        | Killed a shining eye
  1222 | D        | Gained mutation: You expend magic power (3 MP) to
                  | strengthen your wands. [a shining eye]
  1226 | D        | Killed a shining eye
  1240 | D        | Found Amaiku's Antique Weapon Shop.
  1240 | D        | Found Naimamur's Assorted Antiques.
  1240 | D        | Found Zeas's Distillery.
  1240 | D        | Found Yfiesko's Distillery.
  1248 | D        | Bought a potion of curing for 39 gold pieces
  1307 | D        | Noticed a daeva
  1326 | D        | Reached skill level 15 in Spellcasting
  1326 | D        | Reached XP level 12. HP: 64/67 MP: 30/32
  1334 | D        | Reached skill level 1 in Transmutations
  1345 | D        | Noticed a fire giant
  1348 | D        | Noticed a fire giant
  1349 | D        | Noticed a fire giant
  1349 | D        | Noticed a fire giant
  1361 | D        | Killed from afar by a fire giant

Illustrated notes

Levels and vault maps discovered:
D:        dungeon_sprint_1 [red_sonja_temple_1, red_sonja_temple_small_1]

Skill      XL: |  1  2  3  4  5  6  7  8  9 10 11 12 |
---------------+-------------------------------------+-----
Fighting       | 2 3 4 6 8 9 |  9.7
Short Blades   | 3 4 5 6 7 11 13 16 | 16.1
Stealth        | 9 13 17 20 23 26 27 | 27.0
Dodging        | 2 3 6 7 9 10 12 | 12.9
Evocations     | 2 5 |  5.6
Spellcasting   | 10 15 | 15.0
Invocations    | 1 4 |  4.3
Transmutations | 1 |  1.1
Throwing       | |  2.0
Earth Magic    | |  0.6

Action                     |  1- 3 |  4- 6 |  7- 9 | 10-12 || total
---------------------------+-------+-------+-------+-------++-------
  Melee: Dagger            |     2 |     5 |     5 |       ||    12
         Short sword       |       |       |     9 |   124 ||   133
         Punch             |       |       |       |     1 ||     1
  Throw: Dart              |     1 |     8 |     4 |     8 ||    21
 Invoke: Shadow Step       |       |       |       |     7 ||     7
  Evoke: Wand              |       |       |     2 |       ||     2
    Use: Scroll            |       |       |       |     1 ||     1
   Stab: Sleeping          |     2 |     3 |     7 |    31 ||    43
         Distracted        |       |       |       |     2 ||     2
         Confused          |       |       |       |     1 ||     1
 Armour: Robe              |       |       |     1 |     4 ||     5
  Dodge: Dodged            |       |     1 |     1 |    60 ||    62

Table legend: (Time is in decaauts)
 A = Elapsed time spent in this place.
 B = Non-inter-level travel time spent in this place.
 C = Inter-level travel time spent in this place.
 D = Time resting spent in this place.
 E = Time spent auto-exploring this place.
 F = Levels seen in this place.
 G = Mean time per level.
                   A        B        C        D        E       F      G
               +--------+--------+--------+--------+--------+-----+--------+
         Total |    913 |    854 |     59 |      0 |    148 |   1 |  913.0 |
       Dungeon |    913 |    854 |     59 |      0 |    148 |   1 |  913.0 |
               +--------+--------+--------+--------+--------+-----+--------+

Top non-repeatable levels by time:
       D: 913 daAuts
